 Dungeon Crawl Stone Soup version 0.21.0 (webtiles) character file.

15839 Monsterracer the Cleaver (level 12, -1/110 HPs)
             Began as a Deep Dwarf Gladiator on Jan 5, 2018.
             Was a High Priest of Makhleb.
             Killed from afar by a blizzard demon (4 damage)
             ... with a freezing blast
             ... summoned by the player character
             ... on level 2 of the Lair of Beasts.
             The game lasted 00:34:58 (9299 turns).

Monsterracer the Cleaver (Deep Dwarf Gladiator)     Turns: 9299, Time: 00:34:59

Health: -1/110     AC: 19    Str: 21    XL:     12   Next: 4%
Magic:  13/13      EV: 10    Int: 11    God:    Makhleb [*****.]
Gold:   838        SH:  5    Dex: 14    Spells: 11/11 levels left

rFire    . . .     SeeInvis .   a - +0 war axe
rCold    + . .     Gourm    .   u - +0 buckler
rNeg     . . .     Faith    .   i - +0 chain mail
rPois    .         Spirit   .   k - +1 helmet
rElec    .         Reflect  .   p - +2 cloak {+Inv}
rCorr    .         Harm     .   c - +1 pair of gloves
MR       +....                  (no boots)
Stlth    ..........             (no amulet)
HPRegen  0.00/turn              y - ring of ice
MPRegen  0.13/turn              r - ring of protection from fire {!d}

@: very slightly contaminated, non-regenerating
A: damage resistance, heal wounds, sense surroundings 2, no regeneration
a: Heal Wounds, Minor Destruction, Lesser Servant of Makhleb, Major Destruction,
Greater Servant of Makhleb, Renounce Religion, Evoke Invisibility


You were on level 2 of the Lair of Beasts.
You worshipped Makhleb.
Makhleb was extremely pleased with you.
You were hungry.

You visited 2 branches of the dungeon, and saw 11 of its levels.
You also visited: Volcano.

You collected 838 gold pieces.

Inventory:

Hand Weapons
 a - a +0 war axe (weapon)
 b - a +3 flail of protection
Armour
 c - a +1 pair of gloves (worn)
 i - a +0 chain mail (worn)
 k - a +1 helmet (worn)
 p - a +2 cloak of invisibility (worn)
 u - a +0 buckler (worn)
Jewellery
 r - a ring of protection from fire (right hand) {!d}
 y - a ring of ice (left hand)
 B - an uncursed ring of ice
 D - an uncursed ring of resist corrosion {!d}
Wands
 d - a wand of clouds (4)
 e - a wand of flame (30)
 x - a wand of iceblast (14)
Scrolls
 o - 3 scrolls of remove curse
 q - 2 scrolls of magic mapping {!r}
 w - 4 scrolls of identify
 C - 2 scrolls of enchant weapon
Potions
 g - a potion of mutation {!q}
 h - a potion of flight
 j - 2 potions of ambrosia {!q}
 l - a potion of might
 n - 7 potions of haste
 s - 2 potions of lignification
 t - 3 potions of agility
 v - 7 potions of curing
Comestibles
 f - 20 rations
 m - 3 chunks of flesh


   Skills:
 + Level 8.0 Fighting
 * Level 13.2 Axes
 - Level 1.7 Throwing
 + Level 8.9 Armour
 - Level 4.5 Dodging
 - Level 4.1 Shields
 + Level 10.3 Invocations
 + Level 5.4 Evocations


You had 11 spell levels left.
You didn't know any spells.

Dungeon Overview and Level Annotations

Branches:
Dungeon (9/15)             Temple (0/1) D:5            Lair (2/6) D:9
  Swamp (0/4) Lair:2
  Snake: Lair:2-4    Spider: Lair:2-4       Orc: D:9-12

Altars:
Cheibriados
Dithmenos
Gozag
Hepliaklqana
Makhleb
Nemelex Xobeh
Ru
Sif Muna
Uskayaw
Vehumet
Yredelemnul
Zin

Annotations:
Lair:2 Suckerboh's ghost, novice MiGl


Innate Abilities, Weirdness & Mutations

You are resistant to damage.
You can heal yourself by infusing magical energy.
You passively map the area around you.
You do not regenerate.


Message History

You hit the fungus. You hit the yak. You block the yak's attack.
You slice the yak!!
The yak is almost dead.
You hit the yak. You slash the fungus!
You destroy the fungus!
The yak gores you.
* * * LOW HITPOINT WARNING * * *
The yak closely misses you.
You take 2 damage, and have 31/110 hp.
You closely miss the yak.
The yak is almost dead.
You hit the yak. The yak gores you!
* * * LOW HITPOINT WARNING * * *
You block the yak's attack.
You take 6 damage, and have 25/110 hp.
You hit the yak.
You kill the yak!
Makhleb accepts your kill.
You feel better.
You slash the yak!
You regained 9 hp, and now have 34/110 hp.
You hit the yak but do no damage.
The yak is severely wounded.
The yak gores you but does no damage.
You hit the yak.
The yak is almost dead.
You block the yak's attack.
You hit the yak.
The yak is almost dead.
You block the yak's attack.
You barely miss the yak.
The yak is almost dead.
The yak gores you but does no damage.
You hit the yak but do no damage.
The yak is almost dead.
The yak gores you.
* * * LOW HITPOINT WARNING * * *
You take 1 damage, and have 33/110 hp.
You hit the yak.
You kill the yak!
Makhleb accepts your kill.
You see here a yak corpse.
You butcher the yak corpse.
m - 4 chunks of flesh You see here a yak skeleton.
Eat one of 4 chunks of flesh? (ye/n/q)
You eat one of the 4 chunks of flesh.
This raw flesh tastes terrible.
You are feeling hungry.
A demon appears!
It doesn't seem very happy.
You take 10 damage, and have 23/110 hp.
Okay, then.
Okay, then.
Press: ? - help, v - describe, . - travel
Here: a blizzard demon (summoned)
The floor.
Okay, then.
Saving game... please wait.
Level annotation: Suckerboh's ghost, novice MiGl Welcome back, Monsterracer the Deep Dwarf Gladiator.
Blood and souls for Makhleb!
Press ? for a list of commands and other information.
Char dumped successfully.
Put on which piece of jewellery? (? for menu, Esc to quit)
You're wearing all the rings you can.
Remove which one? (? for menu, Esc to cancel) < or
D - a ring of resist corrosion {!d} > or
r - a ring of protection from fire {!d} You remove your ring of resist corrosion {!d}.
You feel more attuned to ice.
y - a ring of ice (left hand) Saving game... please wait.
Level annotation: Suckerboh's ghost, novice MiGl Welcome back, Monsterracer the Deep Dwarf Gladiator.
Blood and souls for Makhleb!
Press ? for a list of commands and other information.
Okay, then.
Evoke which item? (* to show all) (? for menu, Esc to quit)
Okay, then.
You feel much better.
You regained 24 hp, and now have 47/110 hp.
The blizzard demon gestures at you. The bolt of lightning misses you.
You see here a yak corpse.
The blizzard demon gestures at you. The bolt of lightning hits you!
* * * LOW HITPOINT WARNING * * *
The electric eel shoots out a bolt of lightning at you!
The bolt of electricity hits you!
You take 34 damage, and have 13/110 hp.
MASSIVE DAMAGE!!
Saving game... please wait.
Level annotation: Suckerboh's ghost, novice MiGl Welcome back, Monsterracer the Deep Dwarf Gladiator.
Blood and souls for Makhleb!
Press ? for a list of commands and other information.
The electric eel shoots out a bolt of lightning at you!
The bolt of electricity hits you!
* * * LOW HITPOINT WARNING * * *
The blizzard demon gestures at you. The freezing blast engulfs you! You resist.
You die...

#...P##..#...§≈§§§≈♣♣#..
#P...........;≈≈§≈♣.(...
#...##...?....≈♣§♣♣.....
#...#........P.♣≈♣......
#..#......}#...♣.#.....
#....##....##...###...#
##....#......#.....##..#
##P..2†..................
#.......@................
###...................#†#
#...................#.#
#...#.#...#.........#W#
##...................#.#
#....P......#........#.#
##..........#.....P+##.#
#................##.##..
##...P...........##..###


You could see a blizzard demon and an electric eel.

Vanquished Creatures
  Erica (D:8)
  A two-headed ogre (D:9)
  A salamander mystic (Volcano)
  A hell knight (Volcano)
  5 salamanders (Volcano)
  Maurice (D:8)
  A molten gargoyle (Volcano)
  A spiny frog (Lair:1)
  2 trolls (D:9)
  9 blink frogs (Lair:1)
  2 hippogriffs
  A wyvern (D:8)
  3 yaks (Lair:2)
  Grum (D:8)
  9 fire bats
  4 water moccasins
  A porcupine (Lair:1)
  5 orc warriors
  3 sky beasts
  A black bear (D:7)
  An ice beast (D:9)
  5 phantoms
  4 centaurs
  5 ogres
  3 wolves (D:8)
  3 big kobolds (D:8)
  2 crocodiles (Lair:1)
  6 bullfrogs
  2 scorpions (D:8)
  12 killer bees (D:7)
  3 wights (D:9)
  3 howler monkeys
  2 electric eels (D:8)
  4 lava snakes (Volcano)
  2 crimson imps
  5 hounds
  4 jellies
  Crazy Yiuf (D:5)
  3 iguanas
  3 orc priests
  A bullfrog skeleton (D:6)
  17 orc wizards
  9 worker ants
  3 hound zombies
  2 hound skeletons
  Robin (D:4)
  13 adders
  7 gnolls
  A shadow imp (D:6)
  2 adder skeletons
  An adder zombie (D:6)
  3 worms
  6 dart slugs
  7 leopard geckos
  33 orcs
  10 bats
  6 giant cockroaches
  5 hobgoblins
  16 jackals
  2 quokkas (D:3)
  3 ball pythons
  A ball python zombie (D:6)
  6 frilled lizards
  A giant cockroach zombie (D:6)
  16 goblins
  A jackal skeleton (D:8)
  A jackal zombie (D:5)
  25 kobolds
  A leopard gecko skeleton (D:4)
  A quokka zombie (D:5)
  7 rats
  A fungus (Lair:2)
335 creatures vanquished.

Vanquished Creatures (others)
  A plant (D:8)
1 creature vanquished.

Grand Total: 336 creatures vanquished

Notes
Turn   | Place    | Note
-------+----------+-------------------------------------------
     0 | D:1      | Monsterracer the Deep Dwarf Gladiator began the quest for the Orb.
     0 | D:1      | Reached XP level 1. HP: 19/19 MP: 1/1
    38 | D:1      | Reached XP level 2. HP: 23/26 MP: 2/2
   131 | D:1      | Reached skill level 4 in Axes
   221 | D:1      | Reached XP level 3. HP: 27/32 MP: 3/3
  1003 | D:2      | Reached XP level 4. HP: 21/40 MP: 4/4
  1006 | D:2      | HP: 20/40 [dart slug (1)]
  1136 | D:2      | HP: 13/40 [worm (7)]
  1556 | D:3      | Reached skill level 5 in Axes
  1573 | D:3      | HP: 20/40 [worm (5)]
  1618 | D:3      | Found a shadowy altar of Dithmenos.
  1620 | D:3      | Found a snail-covered altar of Cheibriados.
  1624 | D:3      | Reached XP level 5. HP: 37/46 MP: 5/5
  1625 | D:3      | Found a hide-covered altar of Uskayaw.
  1626 | D:3      | Found a sparkling altar of Nemelex Xobeh.
  1626 | D:3      | Found a radiant altar of Vehumet.
  1626 | D:3      | Found a sacrificial altar of Ru.
  1629 | D:3      | Found an opulent altar of Gozag.
  1630 | D:3      | Found a burning altar of Makhleb.
  1635 | D:3      | Became a worshipper of Makhleb the Destroyer
  1796 | D:3      | HP: 24/48 [orc/flail of protection (5)]
  2232 | D:4      | Noticed an ogre
  2239 | D:4      | Killed an ogre
  2249 | D:4      | Noticed a phantom
  2249 | D:4      | Reached skill level 1 in Armour
  2249 | D:4      | Reached skill level 1 in Shields
  2377 | D:4      | Found a glowing silver altar of Zin.
  2429 | D:4      | HP: 23/49 [worker ant (2)]
  2437 | D:4      | HP: 19/49 [worker ant (1)]
  2443 | D:4      | Reached XP level 6. HP: 21/56 MP: 6/6
  2618 | D:4      | Noticed Robin
  2639 | D:4      | Killed Robin
  2980 | D:4      | Noticed a sky beast
  3038 | D:4      | HP: 28/56 [something (1)]
  3046 | D:4      | Killed a sky beast
  3046 | D:4      | Reached skill level 6 in Axes
  3046 | D:4      | Reached skill level 1 in Invocations
  3153 | D:4      | Reached XP level 7. HP: 44/62 MP: 6/8
  3372 | D:5      | Entered Level 5 of the Dungeon
  3467 | D:5      | Found a runed door.
  3559 | D:5      | Reached * piety under Makhleb
  3567 | D:5      | HP: 25/62 [/a scroll of torment (16)]
  3580 | D:5      | Found a staircase to the Ecumenical Temple.
  3809 | D:5      | Reached skill level 7 in Axes
  3965 | D:5      | Reached XP level 8. HP: 48/72 MP: 10/10
  4313 | D:5      | Noticed Crazy Yiuf
  4318 | D:5      | Killed Crazy Yiuf
  4575 | D:6      | HP: 31/72 [orc warrior/mace (9)]
  4637 | D:6      | Reached ** piety under Makhleb
  4725 | D:6      | Reached skill level 8 in Axes
  4735 | D:6      | Noticed a hippogriff
  4752 | D:6      | Killed a hippogriff
  4810 | D:6      | Found a basalt altar of Yredelemnul.
  4928 | D:7      | Reached skill level 5 in Invocations
  4943 | D:7      | Gained mutation: You passively map the area around you. [Deep Dwarf growth]
  4943 | D:7      | Reached XP level 9. HP: 55/80 MP: 12/12
  4977 | D:7      | Found a hazy altar of Hepliaklqana.
  5190 | D:7      | Reached skill level 5 in Fighting
  5239 | D:7      | Reached skill level 9 in Axes
  5278 | D:7      | Reached skill level 5 in Armour
  5284 | D:7      | HP: 40/81 [poisoned by a killer bee]
  5313 | D:7      | Found a deep blue altar of Sif Muna.
  5457 | D:7      | Reached *** piety under Makhleb
  5548 | D:7      | HP: 35/81 [orc warrior/flail (6)]
  5550 | D:7      | Reached skill level 10 in Axes
  5817 | D:8      | Found a transporter.
  5818 | D:8      | Found a transporter.
  5875 | D:8      | Reached XP level 10. HP: 87/91 MP: 14/14
  6062 | D:8      | Noticed Erica
  6092 | D:8      | Killed Erica
  6152 | D:8      | Noticed Maurice
  6164 | D:8      | HP: 45/91 [Maurice/dagger of speed (3)]
  6170 | D:8      | HP: 33/91 [Maurice/dagger of speed (8)]
  6224 | D:8      | Killed Maurice
  6261 | D:8      | Reached skill level 11 in Axes
  6320 | D:8      | Reached **** piety under Makhleb
  6380 | D:8      | Noticed Grum
  6395 | D:8      | Killed Grum
  6628 | D:8      | HP: 43/92 [wyvern (5)]
  6824 | D:9      | Noticed a two-headed ogre
  6847 | D:9      | HP: 41/92 [two-headed ogre/giant club (14)]
  6857 | D:9      | Killed a two-headed ogre
  7166 | D:9      | Reached skill level 1 in Evocations
  7179 | D:9      | Reached XP level 11. HP: 92/100 MP: 16/16
  7245 | D:9      | Found a staircase to the Lair.
  7650 | Lair:1   | Entered Level 1 of the Lair of Beasts
  7750 | Lair:1   | HP: 50/100 [blink frog (2)]
  7755 | Lair:1   | HP: 43/100 [blink frog (1)]
  7760 | Lair:1   | HP: 36/100 [blink frog (1)]
  7765 | Lair:1   | Reached skill level 12 in Axes
  8089 | Lair:1   | Reached ***** piety under Makhleb
  8145 | Lair:1   | Found a dark tunnel.
  8164 | Volcano  | Entered a volcano
  8315 | Volcano  | Noticed a hell knight
  8343 | Volcano  | Found a bloodstained altar of Trog.
  8343 | Volcano  | Noticed a salamander mystic
  8349 | Volcano  | HP: 47/100 [salamander (5)]
  8353 | Volcano  | Killed a salamander mystic
  8364 | Volcano  | HP: 47/100 [hell knight/bolt of fire (11)]
  8366 | Volcano  | Killed a hell knight
  8432 | Volcano  | Reached skill level 10 in Invocations
  8445 | Volcano  | HP: 51/103 [salamander/trident (10)]
  8457 | Volcano  | HP: 33/103 [salamander/trident (12)]
  8459 | Volcano  | HP: 16/103 [salamander/trident (11)]
  8462 | Volcano  | Reached skill level 13 in Axes
  8613 | Lair:1   | HP: 50/103 [spiny frog (13)]
  8619 | Lair:1   | HP: 48/103 [blink frog (1)]
  8627 | Lair:1   | HP: 37/103 [spiny frog (11)]
  8633 | Lair:1   | Reached skill level 5 in Evocations
  8641 | Lair:1   | HP: 51/103 [blink frog (8)]
  8649 | Lair:1   | HP: 38/103 [blink frog (12)]
  8654 | Lair:1   | HP: 29/103 [blink frog (4)]
  8793 | Lair:1   | HP: 51/103 [blink frog (11)]
  9151 | Lair:2   | HP: 44/103 [water moccasin (3)]
  9153 | Lair:2   | Reached XP level 12. HP: 50/110 MP: 15/15
  9154 | Lair:2   | Noticed Suckerboh's ghost (novice MiGl)
  9178 | Lair:2   | HP: 47/110 [Suckerboh's ghost (10)]
  9185 | Lair:2   | HP: 26/110 [Suckerboh's ghost (15)]
  9196 | Lair:2   | HP: 37/110 [Suckerboh's ghost (12)]
  9205 | Lair:2   | Found a staircase to the Swamp.
  9254 | Lair:2   | HP: 32/110 [Suckerboh's ghost (8)]
  9263 | Lair:2   | HP: 24/110 [electric eel/bolt of electricity (8)]
  9280 | Lair:2   | HP: 31/110 [yak (2)]
  9287 | Lair:2   | HP: 33/110 [yak (1)]
  9293 | Lair:2   | Noticed a blizzard demon
  9298 | Lair:2   | HP: 13/110 [blizzard demon/bolt of lightning[the player character] (34)]
  9299 | Lair:2   | HP: 3/110 [electric eel/bolt of electricity (10)]
  9299 | Lair:2   | Killed from afar by a blizzard demon

Skill      XL: |  1  2  3  4  5  6  7  8  9 10 11 |
---------------+----------------------------------+-----
Fighting       | 2 3 4 5 7 8 |  8.0
Axes           | 4 5 6 7 8 10 11 13 | 13.2
Dodging        | 4 |  4.5
Armour         | 1 2 3 4 6 7 8 |  8.9
Shields        | 1 2 3 4 |  4.1
Invocations    | 1 3 5 7 8 10 | 10.3
Evocations     | 1 5 |  5.4
Throwing       | |  1.7

Action                   |  1- 3 |  4- 6 |  7- 9 | 10-12 || total
-------------------------+-------+-------+-------+-------++-------
Melee: War axe           |   118 |   241 |   546 |   624 ||  1529
       Flail             |       |     6 |    25 |       ||    31
Throw: Throwing net      |       |       |     2 |     1 ||     3
Invok: Minor Destruction |       |       |       |     2 ||     2
       Greater Servant o |       |       |       |     1 ||     1
 Abil: Heal Wounds       |       |     5 |     5 |    13 ||    23
       Evoke Invisibilit |       |       |       |     4 ||     4
Evoke: Wand              |       |       |     3 |       ||     3
  Use: Scroll            |       |    13 |     7 |     5 ||    25
       Potion            |       |       |       |     3 ||     3
 Stab: Sleeping          |     1 |     2 |       |       ||     3
       Held in net/web   |       |       |     1 |       ||     1
       Invisible         |       |       |       |     9 ||     9
  Eat: Chunk             |     1 |     6 |     8 |    13 ||    28
       Ration            |       |       |     1 |       ||     1
Armor: Leather armour    |    50 |    17 |       |       ||    67
       Chain mail        |       |    67 |   291 |   338 ||   696
       Ring mail         |       |     7 |       |       ||     7
Dodge: Dodged            |   122 |   158 |   272 |   280 ||   832
Block: Buckler           |       |       |   131 |   163 ||   294

Vault maps used:
D:1:      eino_arrival_water_cross
D:3:      minitemple
D:4:      zin_academy, first_ration, minivault_1, uniq_robin
D:5:      minmay_temple_entry_large_hall, minmay_a_box_with_orc_wizards_in_it,
          uniq_crazy_yiuf_cottage
D:6:      kennysheep_mini_moat
D:7:      kennysheep_mini, marbit_many_paths
D:8:      gammafunk_steamed_eel, uniq_maurice, uniq_erica, uniq_grum
D:9:      lair_entry_dummy
Lair:1:   nicolae_volcano_entry_batcave
Lair:2:   swamp_mist_pool, kennysheep_snail_temple, uniq_fannar
Volcano:  volcano_grotto
